MLB
NEW YORK METS @ ST. LOUIS CARDINALS
08/22/2098
 
TOP OF THE 1ST
New York Mets batting - Pitching for St. Louis Cardinals : RHP Rich Siegel
Pitching: RHP Rich Siegel
Batting: RHB Jose de la Rosa 0-0: Foul Ball, location: 3FF
0-1: Ball
1-1: Foul Ball, location: 25FF
1-2: Ball
2-2: Foul Ball, location: 9LDF
2-2: Foul Ball, location: 5SF
2-2: Fly out, F6 (Popup, 6, EV 75.6 MPH)
Batting: RHB Ryan Taylor 0-0: Ball
1-0: Called Strike
1-1: Called Strike
1-2: Strikes out looking
Batting: RHB Jeff Hestermann 0-0: Ball
1-0: Called Strike
1-1: Swinging Strike
1-2: Strikes out swinging
Top of the 1st over - 0 runs, 0 hits, 0 errors, 0 left on base; New York 0 - St. Louis 0
BOTTOM OF THE 1ST
St. Louis Cardinals batting - Pitching for New York Mets : RHP Dave Baldwin
Pitching: RHP Dave Baldwin
Batting: LHB Brandon Corter 0-0: Ball
1-0: Ball
2-0: Called Strike
2-1: Ball
3-1: SINGLE (Line Drive, 8LS, EV 98.1 MPH)
Batting: RHB Ryan Collier 0-0: Called Strike
0-1: Ball
1-1: Foul Ball, location: 9LMF
1-2: Foul Ball, location: 2F
1-2: Strikes out swinging
Batting: LHB Jeremiah Ford 0-0: Ball
1-0: Ball
2-0: Ball
3-0: Called Strike
3-1: Foul Ball, location: 2F
3-2: Foul Ball, location: 2F
3-2: Base on Balls
Brandon Corter to second
Batting: RHB Jayden Whaley 0-0: DOUBLE (Groundball, 5L, EV 101.9 MPH)
Brandon Corter scores
Jeremiah Ford to third
Batting: RHB Jeff Saxton 0-0: Ball
1-0: Ball
2-0: Called Strike
2-1: Fly out, F6 (Line Drive, 6, EV 65.0 MPH)
Lined into DP, 6-5 (Line Drive, 6, EV 65.0 MPH)
Bottom of the 1st over - 1 run, 2 hits, 0 errors, 1 left on base; New York 0 - St. Louis 1
TOP OF THE 2ND
New York Mets batting - Pitching for St. Louis Cardinals : RHP Rich Siegel
Batting: SHB Curt Tolley 0-0: Ball
1-0: Ball
2-0: Called Strike
2-1: Fly out, F9 (Flyball, 9LM, EV 86.9 MPH)
Batting: LHB Mike Thompson 0-0: Ball
1-0: Fly out, F8 (Flyball, 8RM, EV 78.8 MPH)
Batting: LHB David Thomas 0-0: Ball
1-0: DOUBLE (Line Drive, 78D, EV 105.0 MPH)
Batting: RHB Chris Sims 0-0: Ball
1-0: Swinging Strike
1-1: Foul Ball, location: 7LMF
1-2: Foul Ball, location: 7LSF
1-2: Ground out 5-3 (Groundball, 56, EV 88.8 MPH)
Top of the 2nd over - 0 runs, 1 hit, 0 errors, 1 left on base; New York 0 - St. Louis 1
BOTTOM OF THE 2ND
St. Louis Cardinals batting - Pitching for New York Mets : RHP Dave Baldwin
Batting: LHB Brett Rinehart 0-0: Called Strike
0-1: Ball
1-1: SINGLE (Groundball, 4D, EV 97.5 MPH)
Batting: RHB Jesus Guzman 0-0: Ball
1-0: Fly out, F8 (Flyball, 8LD, EV 81.3 MPH)
Batting: RHB Brodie Herian 0-0: Called Strike
0-1: Ball
1-1: Ball
2-1: SINGLE (Groundball, 6MD, EV 96.3 MPH)
Brett Rinehart to second
Batting: RHB Jason Rush 0-0: Called Strike
0-1: Swinging Strike
0-2: Grounds into double play, 5-4-3 (Groundball, 5, EV 103.1 MPH)
Bottom of the 2nd over - 0 runs, 2 hits, 0 errors, 1 left on base; New York 0 - St. Louis 1
TOP OF THE 3RD
New York Mets batting - Pitching for St. Louis Cardinals : RHP Rich Siegel
Batting: RHB Nate Morrison 0-0: Ground out 4-3 (Groundball, 4, EV 80.6 MPH)
Batting: RHB Cesar Oropeza 0-0: Ball
1-0: Foul Ball, location: 2F
1-1: Swinging Strike
1-2: Strikes out looking
Batting: RHB Jose de la Rosa 0-0: Foul Ball, location: 3F
0-1: Ball
1-1: Ground out 4-3 (Groundball, 4, EV 91.3 MPH)
Top of the 3rd over - 0 runs, 0 hits, 0 errors, 0 left on base; New York 0 - St. Louis 1
BOTTOM OF THE 3RD
St. Louis Cardinals batting - Pitching for New York Mets : RHP Dave Baldwin
Batting: LHB Brandon Corter 0-0: Ground out 4-3 (Groundball, 4, EV 82.5 MPH)
Batting: RHB Ryan Collier 0-0: Foul Ball, location: 25F
0-1: Foul Ball, location: 2F
0-2: Strikes out swinging
Batting: LHB Jeremiah Ford 0-0: Called Strike
0-1: Called Strike
0-2: Strikes out swinging
Bottom of the 3rd over - 0 runs, 0 hits, 0 errors, 0 left on base; New York 0 - St. Louis 1
TOP OF THE 4TH
New York Mets batting - Pitching for St. Louis Cardinals : RHP Rich Siegel
Batting: RHB Ryan Taylor 0-0: Ball
1-0: Ball
2-0: Called Strike
2-1: Fly out, F3 (Popup, 3, EV 70.6 MPH)
Batting: RHB Jeff Hestermann 0-0: Fly out, F3 (Popup, 3SF, EV 74.4 MPH)
Batting: SHB Curt Tolley 0-0: Foul Ball, location: 7LSF
0-1: Fly out, F8 (Flyball, 89M, EV 90.0 MPH)
Top of the 4th over - 0 runs, 0 hits, 0 errors, 0 left on base; New York 0 - St. Louis 1
BOTTOM OF THE 4TH
St. Louis Cardinals batting - Pitching for New York Mets : RHP Dave Baldwin
Batting: RHB Jayden Whaley 0-0: Fly out, F9 (Flyball, 9LD, EV 105.0 MPH)
Batting: RHB Jeff Saxton 0-0: Ball
1-0: Ball
2-0: Ball
3-0: Called Strike
3-1: Fly out, F8 (Flyball, 78XD, EV 106.3 MPH)
Batting: LHB Brett Rinehart 0-0: Ground out 6-3 (Groundball, 6, EV 100.0 MPH)
Bottom of the 4th over - 0 runs, 0 hits, 0 errors, 0 left on base; New York 0 - St. Louis 1
TOP OF THE 5TH
New York Mets batting - Pitching for St. Louis Cardinals : RHP Rich Siegel
Batting: LHB Mike Thompson 0-0: Called Strike
0-1: Ball
1-1: Ball
2-1: Foul Ball, location: 2F
2-2: Ball
3-2: Strikes out swinging
Batting: LHB David Thomas 0-0: Called Strike
0-1: Foul Ball, location: 2RF
0-2: Strikes out looking
Batting: RHB Chris Sims 0-0: Ball
1-0: Ground out 5-3 (Groundball, 56, EV 85.0 MPH)
Top of the 5th over - 0 runs, 0 hits, 0 errors, 0 left on base; New York 0 - St. Louis 1
BOTTOM OF THE 5TH
St. Louis Cardinals batting - Pitching for New York Mets : RHP Dave Baldwin
Batting: RHB Jesus Guzman 0-0: Ball
1-0: Swinging Strike
1-1: Foul Ball, location: 2F
1-2: SINGLE (Line Drive, 56D, EV 95.0 MPH)
Batting: RHB Brodie Herian 0-0: Ball
1-0: Called Strike
1-1: SINGLE (Groundball, 4MD, EV 108.1 MPH)
Jesus Guzman to second
Batting: RHB Jason Rush 0-0: Ball
1-0: Foul Ball, location: 5F
1-1: Grounds into double play, 6-4-3 (Groundball, 6, EV 99.4 MPH)
Jesus Guzman to third
Batting: LHB Brandon Corter 0-0: Called Strike
0-1: SINGLE (Groundball, 6S, EV 69.4 MPH) (infield hit)
Jesus Guzman scores
Batting: RHB Ryan Collier 0-0: Ground out 4-3 (Groundball, 34, EV 77.5 MPH)
Bottom of the 5th over - 1 run, 3 hits, 0 errors, 1 left on base; New York 0 - St. Louis 2
TOP OF THE 6TH
New York Mets batting - Pitching for St. Louis Cardinals : RHP Rich Siegel
Batting: RHB Nate Morrison 0-0: Fly out, F8 (Flyball, 89D, EV 96.9 MPH)
Batting: RHB Cesar Oropeza 0-0: Foul Ball, location: 2F
0-1: SINGLE (Groundball, 34D, EV 95.6 MPH)
Batting: RHB Jose de la Rosa 0-0: Fly out, F3 (Popup, 3L, EV 67.5 MPH)
Batting: RHB Ryan Taylor 0-0: Ball
1-0: Ball
2-0: Ball
3-0: Called Strike
3-1: Called Strike
3-2: Base on Balls
Cesar Oropeza to second
Batting: RHB Jeff Hestermann 0-0: Ball
1-0: Swinging Strike
1-1: Foul Ball, location: 2F
1-2: Foul Ball, location: 2F
1-2: Foul Ball, location: 2F
1-2: Foul Ball, location: 9LMF
1-2: Ball
2-2: Foul Ball, location: 2F
2-2: Strikes out swinging
Top of the 6th over - 0 runs, 1 hit, 0 errors, 2 left on base; New York 0 - St. Louis 2
BOTTOM OF THE 6TH
St. Louis Cardinals batting - Pitching for New York Mets : RHP Dave Baldwin
Batting: LHB Jeremiah Ford 0-0: Swinging Strike
0-1: Foul Ball, location: 5SF
0-2: Ball
1-2: Strikes out swinging
Batting: RHB Jayden Whaley 0-0: Foul Ball, location: 23FF
0-1: Ball
1-1: Called Strike
1-2: Ground out 6-3 (Groundball, 6, EV 91.9 MPH)
Batting: RHB Jeff Saxton 0-0: Ball
1-0: Foul Ball, location: 9LDF
1-1: Ball
2-1: Ground out 6-3 (Groundball, 56, EV 103.8 MPH)
Bottom of the 6th over - 0 runs, 0 hits, 0 errors, 0 left on base; New York 0 - St. Louis 2
TOP OF THE 7TH
New York Mets batting - Pitching for St. Louis Cardinals : RHP Rich Siegel
Now in LF: David Martinez
Batting: SHB Curt Tolley 0-0: Ground out 6-3 (Groundball, 4MS, EV 68.8 MPH)
Batting: LHB Mike Thompson 0-0: Swinging Strike
0-1: Ball
1-1: Ball
2-1: Called Strike
2-2: Strikes out looking
Batting: LHB David Thomas 0-0: Ball
1-0: SINGLE (Line Drive, 56, EV 96.9 MPH)
Batting: RHB Chris Sims 0-0: Ball
1-0: SINGLE (Line Drive, 89M, EV 108.1 MPH)
David Thomas to second
Runner from 2nd tries for 3rd, SAFE, throw by CF made to third
Pinch Hitting: RHB Marty Krpan 0-0: Swinging Strike
0-1: Ball
1-1: Called Strike
1-2: Fielders Choice at 2nd, 6-4 (Groundball, 6, EV 88.8 MPH)
Top of the 7th over - 0 runs, 2 hits, 0 errors, 2 left on base; New York 0 - St. Louis 2
BOTTOM OF THE 7TH
St. Louis Cardinals batting - Pitching for New York Mets : RHP Dave Baldwin
Now at 3B: Erik Bazan
Batting: LHB Brett Rinehart 0-0: Foul Ball, location: 2F
0-1: Called Strike
0-2: Strikes out looking
Batting: RHB Jesus Guzman 0-0: Called Strike
0-1: Swinging Strike
0-2: Foul Ball, location: 23FF
0-2: Fly out, F8 (Flyball, 8RD, EV 103.1 MPH)
Batting: RHB Brodie Herian 0-0: Foul Ball, location: 5F
0-1: Called Strike
0-2: Ball
1-2: Ground out 6-3 (Groundball, 6, EV 81.3 MPH)
Bottom of the 7th over - 0 runs, 0 hits, 0 errors, 0 left on base; New York 0 - St. Louis 2
TOP OF THE 8TH
New York Mets batting - Pitching for St. Louis Cardinals : RHP Rich Siegel
Batting: RHB Cesar Oropeza 0-0: Called Strike
0-1: Fly out, F3 (Popup, 34, EV 72.5 MPH)
Batting: RHB Jose de la Rosa 0-0: Foul Ball, location: 23F
0-1: Foul Ball, location: 3SF
0-2: Strikes out swinging
Batting: RHB Ryan Taylor 0-0: Called Strike
0-1: SINGLE (Groundball, 6MD, EV 96.9 MPH)
Batting: RHB Jeff Hestermann 0-0: Foul Ball, location: 2F
0-1: Ball
1-1: Foul Ball, location: 2F
1-2: Foul Ball, location: 9LSF
1-2: Ball
2-2: Ground out 1-3 (Groundball, 25, EV 66.3 MPH)
Top of the 8th over - 0 runs, 1 hit, 0 errors, 1 left on base; New York 0 - St. Louis 2
BOTTOM OF THE 8TH
St. Louis Cardinals batting - Pitching for New York Mets : RHP Dave Baldwin
Batting: RHB Jason Rush 0-0: Ball
1-0: Fly out, F8 (Flyball, 8LM, EV 85.0 MPH)
Batting: LHB Brandon Corter 0-0: Called Strike
0-1: SINGLE (Groundball, 6S, EV 68.1 MPH) (infield hit)
Batting: RHB Ryan Collier 0-0: Called Strike
Brandon Corter is caught stealing 2nd base 2-4
0-1: DOUBLE (Line Drive, 3D, EV 105.6 MPH)
Batting: RHB David Martinez 0-0: Ball
1-0: Called Strike
1-1: Ball
2-1: Called Strike
2-2: Ground out 4-3 (Groundball, 4S, EV 84.4 MPH)
Bottom of the 8th over - 0 runs, 2 hits, 0 errors, 1 left on base; New York 0 - St. Louis 2
TOP OF THE 9TH
New York Mets batting - Pitching for St. Louis Cardinals : RHP Rich Siegel
Pitching: RHP Ivan Duran
Batting: SHB Curt Tolley 0-0: Ball
1-0: Called Strike
1-1: Called Strike
1-2: Foul Ball, location: 7LSF
1-2: Foul Ball, location: 7LMF
1-2: Foul Ball, location: 7LSF
1-2: Fly out, F7 (Flyball, 7LD, EV 101.9 MPH)
Batting: LHB Mike Thompson 0-0: Ball
1-0: Called Strike
1-1: Fly out, F8 (Flyball, 8RD, EV 98.8 MPH)
Batting: LHB David Thomas 0-0: Ball
1-0: Fly out, F8 (Flyball, 8LXD, EV 81.3 MPH)
Top of the 9th over - 0 runs, 0 hits, 0 errors, 0 left on base; New York 0 - St. Louis 2
Saturday, April 13th , 2024 - OOTP Baseball 24.11 Build 85